 Dungeon Crawl Stone Soup version 0.30-a0-365-ge7f957f1db (webtiles) character file.

Game seed: 18362086872653230616

1240 koil the Ruffian (level 8, -19/79 HPs)
             Began as a Troll Berserker on Nov 17, 2022.
             Was a Priest of Trog.
             Demolished by a gargoyle
             ... wielding a +4 morningstar
              (25 damage)
             ... on level 6 of the Dungeon.
             The game lasted 00:09:05 (3845 turns).

koil the Ruffian (Troll Berserker)                  Turns: 3845, Time: 00:09:06

Health: -19/79     AC:  8    Str: 28    XL:     8   Next: 25%
Magic:  7/7        EV: 10    Int:  3    God:    Trog [***...]
Gold:   248        SH:  0    Dex:  9    Spells: 7/7 levels left

rFire   . . .      SeeInvis .      - Unarmed
rCold   . . .      Faith    .    (no shield)
rNeg    . . .      Spirit   .    o - +0 acid dragon scales
rPois   .          Reflect  .    (helmet restricted)
rElec   .          Harm     .    (no cloak)
rCorr   +          Rampage  .    (gloves unavailable)
Will    .....                    (boots unavailable)
Stlth   +.........               (no amulet)
HPRegen 1.13/turn                (no ring)
MPRegen 0.10/turn                (no ring)

@: no status effects
A: large, unfitting armour, claws 3, regeneration 1, shaggy fur 1, tough skin 1
a: Renounce Religion, Berserk, Trog's Hand


You were on level 6 of the Dungeon.
You worshipped Trog.
Trog was most pleased with you.
You visited 2 branches of the dungeon, and saw 7 of its levels.

You collected 318 gold pieces.
You spent 70 gold pieces at shops.

Inventory:

Hand Weapons
 b - the +9 flail of Kofak {speed, Int+3}
   (You found it on level 6 of the Dungeon)

   Attacks with this weapon are significantly faster.
   Int:       It affects your intelligence (+3).
Missiles
 d - 20 poisoned darts (quivered)
Armour
 a - a +0 animal skin
 o - +0 acid dragon scales (worn)
Jewellery
 f - a ring of see invisible
 m - a ring of protection from cold
Wands
 n - a wand of roots (2)
Scrolls
 h - a scroll of butterflies
 j - a scroll of enchant weapon
Potions
 c - a potion of haste {unknown}
 e - a potion of might {unknown}
 g - 4 potions of curing
 i - a potion of magic {unknown}
 k - 2 potions of heal wounds
 l - a potion of resistance {unknown}


   Skills:
 + Level 4.4 Fighting
 + Level 3.4 Armour
 + Level 4.4 Dodging
 * Level 7.0 Unarmed Combat


You had 7 spell levels left.
You didn't know any spells.
Your spell library was empty.

Dungeon Overview and Level Annotations

Branches:
Dungeon (6/15)             Temple (1/1) D:4

Altars:
Ashenzari
Cheibriados
Dithmenos
Elyvilon
Makhleb
Nemelex Xobeh
Okawaru
Uskayaw
Vehumet
Xom

Shops:
D:3 *


Innate Abilities, Weirdness & Mutations

You are too large for most types of armour.
You have claws for hands.
Your natural rate of healing is unusually fast.
You are covered in fur. (AC +1)
You have tough skin. (AC +1)


Message History

You feel yourself speed up.
You start waiting.
You recover from your berserk rage.
Okay, then.
Unknown command.
You start removing your armour.
You continue taking off your +0 animal skin. x4
You finish taking off your +0 animal skin.
You start putting on your armour.
You continue putting on your +0 acid dragon scales. x5
You finish putting on your +0 acid dragon scales.
Unknown command.
Unknown command.
A gargoyle comes into view. It is wielding a +4 morningstar.
Found 18 gold pieces.
Unknown command.
Found a scroll of teleportation.
The gargoyle hits you with a +4 morningstar!!
You scratch the gargoyle but do no damage.
The gargoyle hurls a stone arrow at you.
The stone arrow misses you.
You claw the gargoyle!
The gargoyle is heavily damaged.
You scratch the gargoyle. Your claw misses the gargoyle.
The gargoyle is severely damaged.
The gargoyle hurls a stone arrow at you.
The stone arrow hits you!!
You are too injured to fight recklessly!
You scratch the gargoyle but do no damage.
The gargoyle is severely damaged.
The gargoyle hits you with a +4 morningstar!
You scratch the gargoyle.
The gargoyle is severely damaged.
The gargoyle hurls a stone arrow at you.
The stone arrow hits you!!
* * * LOW HITPOINT WARNING * * *
You closely miss the gargoyle.
The gargoyle is severely damaged.
The gargoyle hits you with a +4 morningstar!!
You die...

.....# ####.# ...
####.# #.# #...[# #.#
#.##.# #.# .....# #.###
.)#### #.#.##
...##########....####
................@9..#
...##########....##..?#
..## #.#.## ## .##
#.### .# ... .# #... .#
#...# .# #$..# ##


You could see a gargoyle.

Vanquished Creatures
  Maggie (D:6)
  Duvessa (D:5)
  2 black bears (D:4)
  An ice beast (D:5)
  A scorpion (D:4)
  2 necrophages
  Dowan (D:5)
  A jelly (D:5)
  A hound (D:5)
  An orc priest (D:4)
  3 orc wizards
  4 gnolls (D:5)
  8 adders
  2 worms
  5 dart slugs
  11 orcs
  7 ball pythons
  3 bats
  9 endoplasms
  3 giant cockroaches
  5 goblins
  9 hobgoblins
  6 jackals
  A quokka (D:1)
  2 frilled lizards
  6 kobolds
  2 rats (D:1)
98 creatures vanquished.

Notes
Turn   | Place    | Note
-------+----------+-------------------------------------------
     0 | D:1      | koil the Troll Berserker began the quest for the Orb.
     0 | D:1      | Reached XP level 1. HP: 22/22 MP: 0/0
    49 | D:1      | Reached XP level 2. HP: 29/29 MP: 1/1
   199 | D:1      | Found a faded altar of an unknown god.
   278 | D:1      | Reached XP level 3. HP: 36/36 MP: 2/2
   344 | D:1      | Reached ** piety under Trog
   568 | D:2      | Reached skill level 1 in Armour
   669 | D:2      | Reached XP level 4. HP: 44/44 MP: 3/3
   868 | D:2      | Found a shimmering altar of Xom.
  1030 | D:3      | Found Zinouc's General Store.
  1036 | D:3      | Reached skill level 4 in Unarmed Combat
  1125 | D:3      | Bought a potion of heal wounds for 70 gold pieces
  1982 | D:4      | Noticed a necrophage
  1992 | D:3      | Killed a necrophage
  1993 | D:3      | Reached XP level 5. HP: 53/53 MP: 4/4
  2010 | D:4      | Reached *** piety under Trog
  2016 | D:4      | Reached XP level 6. HP: 27/61 MP: 5/5
  2059 | D:4      | HP: 8/61 [orc/+0 flail (9)]
  2066 | D:4      | HP: 16/91 [something (3)]
  2067 | D:4      | Reached skill level 5 in Unarmed Combat
  2252 | D:4      | Found a staircase to the Ecumenical Temple.
  2419 | D:4      | Reached XP level 7. HP: 43/68 MP: 6/6
  2552 | Temple   | Entered the Ecumenical Temple
  2735 | D:5      | Entered Level 5 of the Dungeon
  2844 | D:5      | HP: 5/68 [ice beast (9)]
  2901 | D:5      | Found a burning altar of Makhleb.
  2915 | D:5      | Noticed Duvessa
  2915 | D:5      | Noticed Dowan
  2923 | D:5      | Killed Duvessa
  2924 | D:5      | Reached skill level 6 in Unarmed Combat
  2927 | D:5      | Killed Dowan
  3300 | D:5      | Found a snail-covered altar of Cheibriados.
  3643 | D:6      | Identified the +9 flail of Kofak {speed, Int+3}
  3770 | D:6      | Noticed Maggie
  3785 | D:6      | Killed Maggie
  3786 | D:6      | Reached skill level 7 in Unarmed Combat
  3786 | D:6      | Reached XP level 8. HP: 79/79 MP: 7/7
  3836 | D:6      | Noticed a gargoyle
  3844 | D:6      | HP: 5/79 [gargoyle/stone arrow (25)]
  3845 | D:6      | Demolished by a gargoyle

Illustrated notes

Levels and vault maps discovered:
D:1:      dpeg_arrival_houses_and_road, layout_rooms, basic_ecumenical_altar
D:2:      layout_loops_ring, basic_altar
D:3:      layout_basic, serial_shops, nicolae_square_shop, minmay_misc_feat_rows
D:4:      layout_cave_pools, minmay_temple_entry_slanted, minmay_misc_feat_alley
D:5:      layout_basic, cheibrodos_worm_habitat, mainiacjoe_overflow_boulevard,
          uniq_duvessa
D:6:      layout_loops_corners, nicolae_gozag_zags_fifth_avenue,
          nicolae_overflow_hallway_of_the_gods, minmay_microvault, uniq_maggie
Temple:   hellmonk_temple_two_chambers

Skill      XL: |  1  2  3  4  5  6  7 |
---------------+----------------------+-----
Armour         | 1 2 3 |  3.4
Unarmed Combat | 4 5 7 |  7.0
Fighting       | 3 4 |  4.4
Dodging        | 3 4 |  4.4

Action                   |  1- 3 |  4- 6 |  7- 9 || total
-------------------------+-------+-------+-------++-------
Melee: Unarmed           |    70 |   124 |    86 ||   280
       Punch             |     1 |     1 |     3 ||     5
Invok: Berserk           |       |     1 |     3 ||     4
  Use: Scroll            |       |       |     9 ||     9
 Stab: Sleeping          |     1 |       |       ||     1
Armor: Animal skin       |    12 |    61 |    15 ||    88
Dodge: Dodged            |    37 |    81 |    46 ||   164

Table legend: (Time is in decaauts)
 A = Elapsed time spent in this place.
 B = Non-inter-level travel time spent in this place.
 C = Inter-level travel time spent in this place.
 D = Time resting spent in this place.
 E = Time spent auto-exploring this place.
 F = Levels seen in this place.
 G = Mean time per level.
                   A        B        C        D        E       F      G
               +--------+--------+--------+--------+--------+-----+--------+
         Total |   3867 |   3733 |    134 |    316 |   2788 |   7 |  552.4 |
       Dungeon |   3700 |   3566 |    134 |    180 |   2788 |   6 |  616.7 |
        Temple |    166 |    166 |      0 |    136 |      0 |   1 |  166.0 |
               +--------+--------+--------+--------+--------+-----+--------+

Top non-repeatable levels by time:
     D:3: 957 daAuts
     D:5: 888 daAuts
     D:4: 582 daAuts
     D:2: 545 daAuts
     D:1: 477 daAuts
     D:6: 249 daAuts
  Temple: 166 daAuts
